 Dungeon Crawl Stone Soup version 0.30-a0-46-g5a63ccc183 (webtiles) character file.

Game seed: 16235484677059992881

58 ytrimaz the Insei (level 4, -5/28 HPs)
             Began as an Octopode Transmuter on Sept 1, 2022.
             Was a Believer of Cheibriados.
             Shot with a sling bullet by an orc (7 damage)
             ... on level 3 of the Dungeon.
             The game lasted 00:04:27 (3135 turns).

ytrimaz the Insei (Octopode Transmuter)             Turns: 3135, Time: 00:04:28

Health: -5/28      AC:  1    Str: 13    XL:     4   Next: 1%
Magic:  6/7        EV: 13    Int: 21    God:    Cheibriados [**....]
Gold:   116        SH:  0    Dex: 16    Spells: 1/7 levels left

rFire   . . .      SeeInvis .      - Unarmed
rCold   . . .      Faith    +    (no shield)
rNeg    . . .      Spirit   .    (helmet currently unavailable)
rPois   .          Reflect  .    e - amulet of faith {!P}
rElec   .          Harm     .    h - ring of resist corrosion
rCorr   +          Rampage  .    (no ring)
Will    .....                    (no ring)
Stlth   ++........               (no ring)
HPRegen 0.09/turn                (no ring)
MPRegen 0.10/turn                (no ring)
                                 (no ring)
                                 (no ring)

@: appendages, very slow
A: tentacle spike 3, almost no armour, amphibious, 8 rings, camouflage 1,
gelatinous body 1, (nimble swimmer 1), tentacles
a: End Transformation, Renounce Religion, Bend Time


You were on level 3 of the Dungeon.
You worshipped Cheibriados.
Cheibriados was pleased with you.
One of your tentacles had grown a beastly spike.
You visited 1 branch of the dungeon, and saw 3 of its levels.

You collected 116 gold pieces.


Innate Abilities, Weirdness & Mutations

One of your tentacles has grown a beastly spike.
You cannot wear most types of armour.
You are amphibious.
You can wear up to eight rings at the same time.
Your skin changes colour to match your surroundings (Stealth+).
Your rubbery body absorbs attacks. (AC +1, EV +1)
((You are camouflaged when in or above water. (Stealth+)))
You have tentacles for arms and can constrict up to eight enemies at once.


   Skills:
 - Level 1.0 Fighting
 - Level 2.0 Dodging
 - Level 4.0 Unarmed Combat
 + Level 2.2 Spellcasting
 + Level 2.3 Transmutations
 * Level 1.5 Poison Magic


You had one spell level left.
You knew the following spells:

 Your Spells              Type           Power      Damage    Failure   Level
a - Beastly Appendage     Tmut           24%        N/A       5%          1
b - Wereblood             Tmut           12%        N/A       9%          2
c - Spider Form           Tmut/Pois      10%        N/A       19%         3

Your spell library contained the following spells:

 Spells                   Type           Power      Damage    Failure   Level
 Magic Dart               Conj           8%         1d3       14%         1
 Call Imp                 Summ           2%         N/A       22%         2
 Mephitic Cloud           Conj/Pois/Air  4%         N/A       34%         3
 Ice Form                 Ice/Tmut       7%         N/A       65%         4

Inventory:

Missiles
 j - 8 stones {throwing}
Jewellery
 e - an amulet of faith (around mantle) {!P}
   (You found it on level 1 of the Dungeon)
 h - a ring of resist corrosion (left tentacle)
   (You found it on level 1 of the Dungeon)
Scrolls
 d - a scroll of fear
 g - a scroll of immolation {!r!r}
 o - a scroll of teleportation {@r4}
Potions
 a - 2 potions of lignification {!q}
 b - a potion of degeneration {unknown}
 c - 3 potions of curing {@q1}
 f - 2 potions of attraction {unknown}
 i - 2 potions of heal wounds {unknown}
 k - a potion of mutation {unknown}
 l - a potion of cancellation {unknown}
 m - a potion of might {unknown}
 n - a potion of resistance {unknown}
 p - a potion of invisibility {unknown}

Dungeon Overview and Level Annotations

Branches:
Dungeon (3/15) Zot: 22660

Altars:
Cheibriados

#.##.##.#......
#.......#####..
##.#.#.## .
#.#.#.#
##.####.#.#.#
.......†#.#.#
........#.#.#
.#.###......###.#
..........@.....#
...##.#.#####o.#
## #.#.# ..#.#
...#.# #####.#
#.. ##


You could see an orc.


Message History

There is a stone staircase leading up here.
Done exploring.
There is a stone staircase leading down here.
You climb downwards.
There is a stone staircase leading up here.
Unknown command.
Found a stone staircase leading up.
Unknown command.
A giant cockroach comes into view.
Casting: Beastly Appendage (safe; 5% risk of failure)
Confirm with . or Enter, or press ? or * to list all spells.
The spell is extremely dangerous to miscast (21% risk of failure)!
Continue anyway?
Okay, then.
A giant cockroach is nearby!
Unknown command.
There is a stone staircase leading up here.
Unknown command.
One of your tentacles grows a vicious spike. 😎 MP[-1]
You lost 1 mp, and now have 5/6 mp.
The helpless giant cockroach fails to defend itself.
You tentacle-slap the giant cockroach but do no damage.
You grab the giant cockroach.
You constrict the giant cockroach, but do no damage.
The giant cockroach misses you.
You release your grip on the giant cockroach.
The giant cockroach misses you. The giant cockroach closely misses you.
You tentacle-slap the giant cockroach. You grab the giant cockroach.
You pierce the giant cockroach, but do no damage.
You constrict the giant cockroach. The giant cockroach bites you. 😕 HP[-2]
You take 2 damage, and now have 21/23 hp.
Unknown command.
You barely miss the giant cockroach. You squeeze the giant cockroach.
You kill the giant cockroach!
Cheibriados appreciates the change of pace.
You have reached level 4! 😕 HP[+5]
You now have 28 max hp (+5).
You regained 5 hp, and now have 26/28 hp.
Your transformation is almost over.
Your tentacle spike disappears.
You now have 100 gold pieces (gained 17).
You see here a +0 club {mace}.
Key pressed, stopping explore.
p - a bubbling orange potion 😎 HP[+2] MP[+2]
Your hp is fully restored (28).
Your mp is fully restored (7).
You now have 116 gold pieces (gained 16).
A ball python comes into view.
A ball python is nearby!
Casting: Beastly Appendage (safe; 5% risk of failure)
Confirm with . or Enter, or press ? or * to list all spells.
The spell is quite dangerous to miscast (19% risk of failure)!
Continue anyway?
Okay, then.
Unknown command.
Casting: Spider Form (quite dangerous; 19% risk of failure)
Confirm with . or Enter, or press ? or * to list all spells.
The spell is quite dangerous to miscast (19% risk of failure)!
Continue anyway?
You turn into a venomous arachnid creature. 😎 MP[-3]
You lost 3 mp, and now have 4/7 mp.
Unknown command.
The ball python hisses angrily.
Unknown command.
You hit the ball python.
You kill the ball python!
Cheibriados appreciates the change of pace.
You see here a ball python corpse.
No target in view!
No target in view!
No target in view!
Unknown command.
Your transformation is almost over.
Key pressed, stopping explore.
Your transformation has ended. 😎 MP[+2]
You regained 2 mp, and now have 6/7 mp.
An orc comes into view.
It is wielding the +9 sling of Abuse {speed, Int+4 Stlth+}.
Unknown command.
An orc is nearby!
An orc is nearby!
Unknown command.
One of your tentacles grows a vicious spike.
The orc shoots a sling bullet.
The sling bullet misses you. 😎 MP[-1]
You lost 1 mp, and now have 5/7 mp.
The orc shoots a sling bullet.
The sling bullet hits you!
The orc shoots a sling bullet.
The sling bullet barely misses you.
The orc shoots a sling bullet.
The sling bullet hits you.
The orc shoots a sling bullet.
The sling bullet misses you. 😮 HP[-13] MP[+1]
You take 13 damage, and now have 15/28 hp.
MASSIVE DAMAGE!! (PAUSE)
The orc shoots a sling bullet.
The sling bullet hits you!
* * * LOW HITPOINT WARNING * * *
The orc shoots a sling bullet.
The sling bullet hits you.
* * * LOW HITPOINT WARNING * * *
The orc shoots a sling bullet.
The sling bullet hits you!
You die...

Skill      XL: |  1  2  3 |
---------------+----------+-----
Unarmed Combat | 4 |  4.0
Poison Magic   | 1 |  1.5
Fighting       | |  1.0
Dodging        | |  2.0
Spellcasting   | |  2.2
Transmutations | |  2.3

Action                   |  1- 3 |  4- 6 || total
-------------------------+-------+-------++-------
Melee: Unarmed           |    75 |     1 ||    76
       Kick              |    25 |       ||    25
       Tentacles         |    13 |       ||    13
       Constrict         |    22 |       ||    22
       Punch             |     2 |       ||     2
 Cast: Beastly Appendage |    24 |     1 ||    25
       Spider Form       |       |     1 ||     1
  Use: Scroll            |     4 |       ||     4
 Stab: Sleeping          |     8 |       ||     8
Armor: Skin              |     5 |       ||     5
Dodge: Dodged            |    44 |     3 ||    47

Levels and vault maps discovered:
D:1:      evilmike_arrival_home_sweet_home, layout_basic,
          hellmonk_ecumenical_altar_blasted, kennysheep_nondescript
D:2:      layout_basic
D:3:      gammafunk_wand_slinger, layout_loops_cross

Notes
Turn   | Place    | Note
-------+----------+-------------------------------------------
     0 | D:1      | ytrimaz the Octopode Transmuter began the quest for the
                  | Orb.
     0 | D:1      | Reached XP level 1. HP: 13/13 MP: 3/3
     0 | D:1      | magus.rc [v1.9.6]
   285 | D:1      | Reached XP level 2. HP: 18/18 MP: 3/5
   633 | D:1      | Reached skill level 4 in Unarmed Combat
   634 | D:1      | HP: 4/18 [constriction (1)]
   635 | D:1      | HP: 1/18 [constriction (1)]
   928 | D:1      | Found a faded altar of an unknown god.
   951 | D:1      | Prayed at the altar of an unknown god.
   951 | D:1      | Became a worshipper of Cheibriados the Contemplative
   951 | D:1      | Reached * piety under Cheibriados
  1063 | D:1      | Reached XP level 3. HP: 20/23 MP: 4/6
  1066 | D:1      | Learned a level 2 spell: Wereblood
  1070 | D:1      | Learned a level 3 spell: Spider Form
  1760 | D:2      | You pick up a book of Minor Magic and begin reading...
  1760 | D:2      | You add the spells Magic Dart, Call Imp and Mephitic Cloud
                  | to your library.
  2081 | D:2      | Reached skill level 1 in Poison Magic
  2481 | D:2      | Reached ** piety under Cheibriados
  3046 | D:3      | Reached XP level 4. HP: 26/28 MP: 5/7
  3131 | D:3      | Identified the +9 sling of Abuse {speed, Int+4 Stlth+}
  3135 | D:3      | HP: 6/28 [orc/sling bullet (9)]
  3135 | D:3      | HP: 2/28 [orc/sling bullet (4)]
  3135 | D:3      | Shot with a sling bullet by an orc

Vanquished Creatures
  An adder (D:2)
  A dart slug (D:2)
  7 endoplasms (D:1)
  4 giant cockroaches
  A goblin (D:1)
  6 hobgoblins
  5 kobolds
  2 quokkas (D:1)
  5 ball pythons
  A bat (D:1)
  9 rats
42 creatures vanquished.

Table legend:
 A = Non-vault XP
 B = Vault XP
 C = Vault XP percentage of total XP
 D = Non-vault monster count
 E = Vault monster count
 F = Vault count percentage of total count
                 A         B        C        D         E       F
            +---------+---------+-------+---------+---------+-------
      Total |      83 |       0 |   0.0 |      42 |       0 |   0.0
            +---------+---------+-------+---------+---------+-------
        D:1 |      50 |       0 |   0.0 |      30 |       0 |   0.0
        D:2 |      30 |       0 |   0.0 |      10 |       0 |   0.0
        D:3 |       3 |       0 |   0.0 |       2 |       0 |   0.0
            +---------+---------+-------+---------+---------+-------

Illustrated notes

Table legend:
 A = Kills in this place as a percentage of kills in entire the game.
 B = Kills by you in this place as a percentage of kills by you in the entire game.
 C = Kills by friends in this place as a percentage of kills by friends in the entire game.
 D = Other kills in this place as a percentage of other kills in the entire game.
 E = Experience gained in this place as a percentage of experience gained in the entire game.
 F = Experience gained in this place divided by the number of levels of this place that you have seen.
                   A       B       C       D       E      F
               +-------+-------+-------+-------+-------+----------------------
         Total | 100.0 | 100.0 |   N/A |   N/A | 100.0 |  27.7
       Dungeon | 100.0 | 100.0 |   N/A |   N/A | 100.0 |  27.7
               +-------+-------+-------+-------+-------+----------------------

Table legend: (Time is in decaauts)
 A = Elapsed time spent in this place.
 B = Non-inter-level travel time spent in this place.
 C = Inter-level travel time spent in this place.
 D = Time resting spent in this place.
 E = Time spent auto-exploring this place.
 F = Levels seen in this place.
 G = Mean time per level.
                   A        B        C        D        E       F      G
               +--------+--------+--------+--------+--------+-----+--------+
         Total |   3861 |   3810 |     51 |     60 |   3386 |   3 | 1287.0 |
       Dungeon |   3861 |   3810 |     51 |     60 |   3386 |   3 | 1287.0 |
               +--------+--------+--------+--------+--------+-----+--------+

Top non-repeatable levels by time:
     D:2: 1940 daAuts
     D:1: 1788 daAuts
     D:3: 133 daAuts
